Marlies vs Sharks

Created - Wednesday, February 11, 2015 at 00:14

Goals
1 2 3 T
Marlies 2 0 5 7
Sharks 1 1 0 2
Shots
1 2 3 T
Marlies 9 4 9 22
Sharks 9 8 7 24

1st period

1. Marlies , Jonathon Blum 31 (Nicolas Deschamps, Anders Nilsson) at 4:35 (PP)
2. Marlies , Jonathon Blum 32 (Jason Clark, Morgan Ellis) at 10:03
3. Sharks , Mike Halmo 30 (Nicolas Deslauriers, Mark Barberio) at 15:31

Penalties :
Mark Barberio (WOR) for High sticking (Minor) at 0:29, Patrick McNeill (WOR) for Hooking (Minor) at 3:56, Nicolas Deslauriers (WOR) for Roughing (Minor) at 10:24, Austen Brassard (TOR) for Interference (Minor) at 12:58

2nd period

4. Sharks , Brendan Mikkelson 6 (Richard Panik) at 14:01 (PP)

Penalties :
Nicolas Deslauriers (WOR) for Fighting (Major) at 1:03, Scott Harrington (TOR) for Fighting (Major) at 1:03, Brendan Mikkelson (WOR) for Fighting (Major) at 1:26, Andrew Yogan (TOR) for Fighting (Major) at 1:26, Patrick McNeill (WOR) for Roughing (Minor) at 1:56, Patrick McNeill (WOR) for Hooking (Minor) at 4:25, Farm Player29 (TOR) for High sticking (Minor) at 9:19, Rich Clune (TOR) for Diving (Minor) at 12:53, Nicolas Deslauriers (WOR) for Fighting (Major) at 17:46, Jordan Henry (TOR) for Fighting (Major) at 17:46, Michael Latta (WOR) for Fighting (Major) at 19:30, Rich Clune (TOR) for Fighting (Major) at 19:30, Michael Latta (WOR) for instigated a fight (Minor) at 19:30, Michael Latta (WOR) for instigated a fight (10 Minutes Misconduct) at 19:30

3rd period

5. Marlies , Jonathon Blum 33 (Joel Armia, Shane Prince) at 0:18 (PP)
6. Marlies , Jonathon Blum 34 (Joel Armia, Scott Harrington) at 0:57
7. Marlies , Rich Clune 10 (Jonathon Blum, Scott Harrington) at 9:38
8. Marlies , Nicolas Deschamps 7 (Jonathon Blum) at 16:08
9. Marlies , Nicolas Deschamps 8 (Jake Hansen) at 16:16

Penalties :
Nicolas Deslauriers (WOR) for Fighting (Major / Game Misconduct) at 19:35, Rich Clune (TOR) for Fighting (Major) at 19:35

Goalie Stats

Anders Nilsson (TOR), 22 saves from 24 shots - (0.917), W, 5-2-3, 60:00 minutes
Farm Player76 (WOR), 1 saves from 4 shots - (0.250), 19:03 minutes
Dov Grumet-Morris (WOR), 14 saves from 18 shots - (0.778), L, 9-8-1, 40:57 minutes

Players Stats for Marlies

Player Name              G  A  P  +/- PIM S  H  SB GA TA FO     MP     PP MP  PK MP  
------------------------------------------------------------------------------------
Andrew Yogan             0  0  0   2  5   3  1  2  0  0  0/0    16:43   2:29   0:09 
Austen Brassard          0  0  0   1  2   0  1  1  1  2  2/4    17:51   2:24   0:00 
Brendon Nash             0  0  0   0  0   0  1  0  0  0  0/0    11:00   2:35   0:00 
Drew Schiestel           0  0  0   0  0   0  1  1  0  0  0/0    19:02   2:56   3:02 
Farm Player24            0  0  0   0  0   0  0  0  0  0  0/1    15:36   0:00   1:40 
Farm Player29            0  0  0  -1  2   0  1  0  0  1  0/0    11:10   0:00   1:20 
Farm Player44            0  0  0   0  0   0  0  0  0  0  1/2     7:26   0:00   0:54 
Harrison Ruopp           0  0  0   0  0   0  0  1  0  0  0/0     8:25   0:00   0:00 
Jake Hansen              0  1  1   2  0   3  0  0  0  0  0/0    19:22   4:32   0:00 
Jason Clark              0  1  1   1  0   0  0  1  0  2  0/1    13:23   0:34   0:00 
Joel Armia               0  2  2   2  0   2  0  0  2  3  0/2    18:09   4:51   0:51 
Jonathon Blum            4  2  6   4  0   7  0  1  1  1  0/0    24:49   6:27   2:04 
Jordan Henry             0  0  0   0  5   0  0  0  0  1  0/0     7:43   0:00   0:00 
Morgan Ellis             0  1  1   0  0   0  0  0  1  1  0/0    19:02   2:56   3:02 
Nicolas Deschamps        2  1  3   2  0   2  0  0  1  0  9/16   20:13   4:32   0:51 
Rich Clune               1  0  1   1  12  1  4  0  6  0  1/1    18:38   3:56   1:37 
Scott Harrington         0  2  2   4  5   3  3  0  0  0  0/0    22:13   3:52   2:04 
Shane Prince             0  1  1   2  0   1  2  2  2  1  8/21   24:01   4:51   2:50 

Players Stats for Sharks

Player Name              G  A  P  +/- PIM S  H  SB GA TA FO     MP     PP MP  PK MP  
------------------------------------------------------------------------------------
Alexandre Bolduc         0  0  0  -3  0   0  3  1  3  1  10/19  21:20   3:03   3:41 
Andy Andreoff            0  0  0   0  0   0  0  0  0  0  0/0     0:00   0:00   0:00 
Brendan Mikkelson        1  0  1  -3  5   2  2  4  0  2  0/0    25:25   1:46   4:54 
David van der Gulik      0  0  0   0  0   1  1  0  1  0  0/0    13:18   0:00   0:44 
Dominik Uher             0  0  0   0  0   1  2  0  1  1  4/8    13:29   0:02   0:00 
J.C. Lipon               0  0  0  -1  0   1  2  0  0  0  0/0    15:18   2:03   0:00 
Joey Mormina             0  0  0  -1  0   2  0  1  0  1  0/0    27:18   2:40   5:17 
Louis Leblanc            0  0  0  -3  0   0  2  0  0  1  5/8    22:57   1:55   5:33 
Marek Hrivik             0  0  0   0  0   0  0  0  0  0  0/0     0:00   0:00   0:00 
Mark Barberio            0  1  1  -2  2   2  0  5  3  1  0/0    21:31   0:00   4:22 
Mark McNeill             0  0  0  -1  0   2  0  1  3  2  6/8    18:52   2:03   3:15 
Michael Latta            0  0  0   0  17  3  2  0  1  1  2/4    10:35   1:57   0:00 
Mike Halmo               1  0  1   0  0   1  0  0  1  0  0/0     7:08   0:00   0:00 
Nicolas Deslauriers      0  1  1   0  27  3  2  0  3  0  0/0    20:31   3:20   1:01 
Patrick McNeill          0  0  0  -1  6   1  1  0  0  0  0/0    23:07   2:26   1:15 
Richard Panik            0  1  1  -3  0   4  0  1  4  0  0/0    17:39   3:03   0:00 
Tye McGinn               0  0  0  -1  0   1  0  0  0  0  0/1    20:07   1:12   5:33 
Wade Brookbank           0  0  0  -1  0   0  1  1  0  1  0/0    12:14   0:00   2:19 

3 Stars

1 - Jonathon Blum (TOR)
2 - Nicolas Deschamps (TOR)
3 - Joel Armia (TOR)

Power Play

Marlies - 2 on 6 Attempt(s) - 33.33%
Sharks - 1 on 3 Attempt(s) - 33.33%

Penalty Kill

Marlies - 2 on 3 Attempt(s) - 66.67% - Score 0 goal in Penalty Kill
Sharks - 4 on 6 Attempt(s) - 66.67% - Score 0 goal in Penalty Kill

Team Stat

Marlies - Hits : 14 - Faceoff Wins : 21 - Blocked Shots : 9 - Penalty Minutes : 31
Sharks - Hits : 18 - Faceoff Wins : 27 - Blocked Shots : 14 - Penalty Minutes : 57

Official

Referees : Unknown
Linesman : Unknown

Game Notes

Nicolas Deslauriers and Scott Harrington fight to a draw at 1:03 of 2nd period
Brendan Mikkelson and Andrew Yogan fight to a draw at 1:26 of 2nd period
Nicolas Deslauriers and Jordan Henry fight to a draw at 17:46 of 2nd period
Rich Clune beats up Michael Latta at 19:30 of 2nd period
Jonathon Blum has scored a Hat Trick!
Farm Player76 enters game at 0:57 of 3rd period
Nicolas Deslauriers and Rich Clune fight to a draw at 19:35 of 3rd period
Nicolas Deslauriers ejected from game at 19:35 of 3rd period

Finance

Level 1 -- Attendance: 1378 (68.90%) -- Ticket Income $48,230
Level 2 -- Attendance: 740 (74.00%) -- Ticket Income $11,100
Total Attendance: 2118 (70.60%)
Total Ticket Income: $59,330
Other Income: $29,072
Total Income: $88,402

Marlies

5 vs 5 Forward 
   Center                   Left Wing                Right Wing               Time % Phy DF OF 
 1 Shane Prince             Rich Clune               Joel Armia               35     1   2  2  
 2 Nicolas Deschamps        Andrew Yogan             Jake Hansen              30     1   2  2  
 3 Jason Clark              Farm Player24            Austen Brassard          22     1   2  2  
 4 Farm Player44            Shane Prince             Rich Clune               13     1   2  2  

5 vs 5 Defense 
   Defense                  Defense                                           Time % Phy DF OF 
 1 Jonathon Blum            Scott Harrington                                  35     1   2  2  
 2 Morgan Ellis             Drew Schiestel                                    30     1   2  2  
 3 Brendon Nash             Harrison Ruopp                                    22     1   2  2  
 4 Jordan Henry             Farm Player29                                     13     1   2  2  

PowerPlay Forward 
   Center                   Left Wing                Right Wing               Time % Phy DF OF 
 1 Shane Prince             Rich Clune               Joel Armia               60     1   2  2  
 2 Nicolas Deschamps        Andrew Yogan             Jake Hansen              40     1   2  2  

PowerPlay Defense
   Defense                  Defense                                           Time % Phy DF OF 
 1 Jonathon Blum            Scott Harrington                                  60     1   2  2  
 2 Morgan Ellis             Drew Schiestel                                    40     1   2  2  

Penalty Kill 4 Players Forward 
   Center                   Wing                     Time % Phy DF OF 
 1 Shane Prince             Rich Clune               60     1   2  2  
 2 Joel Armia               Nicolas Deschamps        40     1   2  2  

Penalty Kill 4 Players Defense
   Defense                  Defense                  Time % Phy DF OF 
 1 Jonathon Blum            Scott Harrington         60     1   2  2  
 2 Morgan Ellis             Drew Schiestel           40     1   2  2  

Penalty Kill - 3 Players Forward 
   Forward                                           Time % Phy DF OF 
 1 Shane Prince                                      60     1   2  2  
 2 Rich Clune                                        40     1   2  2  

Penalty Kill - 3 Players Defense
   Defense                  Defense                  Time % Phy DF OF 
 1 Jonathon Blum            Scott Harrington         60     1   2  2  
 2 Morgan Ellis             Drew Schiestel           40     1   2  2  

4 vs 4 Forward 
   Center                   Wing                     Time % Phy DF OF 
 1 Shane Prince             Rich Clune               60     1   2  2  
 2 Joel Armia               Nicolas Deschamps        40     1   2  2  

4 vs 4 Defense
   Defense                  Defense                  Time % Phy DF OF 
 1 Jonathon Blum            Scott Harrington         60     1   2  2  
 2 Morgan Ellis             Drew Schiestel           40     1   2  2  

Last Minutes Offensive
   Center                   Left Wing                Right Wing               Defense                  Defense                  
   Shane Prince             Rich Clune               Joel Armia               Jonathon Blum            Scott Harrington         

Last Minutes Defensive
   Center                   Left Wing                Right Wing               Defense                  Defense                  
   Shane Prince             Rich Clune               Joel Armia               Jonathon Blum            Scott Harrington         

Goaltenders
Starting : Anders Nilsson           
Backup : Chet Pickard             

Extra Forwards
Normal : Austen Brassard, Jason Clark, Farm Player24 - PP : Austen Brassard, Jason Clark - PK : Farm Player24
Extra Defensemen
Normal : Brendon Nash, Harrison Ruopp, Jordan Henry - PP : Brendon Nash - PK : Harrison Ruopp, Jordan Henry
Penalty Shots
Shane Prince, Rich Clune, Joel Armia, Nicolas Deschamps, Jake Hansen

Sharks

5 vs 5 Forward 
   Center                   Left Wing                Right Wing               Time % Phy DF OF 
 1 Alexandre Bolduc         Richard Panik            Louis Leblanc            35     1   2  2  
 2 Mark McNeill             Tye McGinn               J.C. Lipon               30     1   2  2  
 3 Michael Latta            David van der Gulik      Nicolas Deslauriers      22     1   2  2  
 4 Dominik Uher             Mike Halmo               Nicolas Deslauriers      13     1   2  2  

5 vs 5 Defense 
   Defense                  Defense                                           Time % Phy DF OF 
 1 Brendan Mikkelson        Mark Barberio                                     35     1   2  2  
 2 Nicolas Deslauriers      Patrick McNeill                                   30     1   2  2  
 3 Patrick McNeill          Joey Mormina                                      22     1   2  2  
 4 Joey Mormina             Wade Brookbank                                    13     1   2  2  

PowerPlay Forward 
   Center                   Left Wing                Right Wing               Time % Phy DF OF 
 1 Alexandre Bolduc         Richard Panik            Louis Leblanc            60     1   2  2  
 2 Mark McNeill             Tye McGinn               J.C. Lipon               40     1   2  2  

PowerPlay Defense
   Defense                  Defense                                           Time % Phy DF OF 
 1 Joey Mormina             Brendan Mikkelson                                 60     1   2  2  
 2 Nicolas Deslauriers      Patrick McNeill                                   40     1   2  2  

Penalty Kill 4 Players Forward 
   Center                   Wing                     Time % Phy DF OF 
 1 Louis Leblanc            Tye McGinn               60     1   2  2  
 2 Alexandre Bolduc         Mark McNeill             40     1   2  2  

Penalty Kill 4 Players Defense
   Defense                  Defense                  Time % Phy DF OF 
 1 Brendan Mikkelson        Mark Barberio            60     1   2  2  
 2 Nicolas Deslauriers      Patrick McNeill          40     1   2  2  

Penalty Kill - 3 Players Forward 
   Forward                                           Time % Phy DF OF 
 1 Alexandre Bolduc                                  60     1   2  2  
 2 Tye McGinn                                        40     1   2  2  

Penalty Kill - 3 Players Defense
   Defense                  Defense                  Time % Phy DF OF 
 1 Joey Mormina             Brendan Mikkelson        60     1   2  2  
 2 Nicolas Deslauriers      Patrick McNeill          40     1   2  2  

4 vs 4 Forward 
   Center                   Wing                     Time % Phy DF OF 
 1 Michael Latta            Tye McGinn               60     1   2  2  
 2 Alexandre Bolduc         Mark McNeill             40     1   2  2  

4 vs 4 Defense
   Defense                  Defense                  Time % Phy DF OF 
 1 Mark Barberio            Joey Mormina             60     1   2  2  
 2 Nicolas Deslauriers      Patrick McNeill          40     1   2  2  

Last Minutes Offensive
   Center                   Left Wing                Right Wing               Defense                  Defense                  
   Alexandre Bolduc         Richard Panik            Louis Leblanc            Brendan Mikkelson        Mark Barberio            

Last Minutes Defensive
   Center                   Left Wing                Right Wing               Defense                  Defense                  
   Alexandre Bolduc         Richard Panik            Louis Leblanc            Brendan Mikkelson        Mark Barberio            

Goaltenders
Starting : Dov Grumet-Morris        
Backup : Farm Player76            

Extra Forwards
Normal : Michael Latta, Dominik Uher, David van der Gulik - PP : Michael Latta, Dominik Uher - PK : David van der Gulik
Extra Defensemen
Normal : Nicolas Deslauriers, Joey Mormina, Patrick McNeill - PP : Patrick McNeill - PK : Joey Mormina, Patrick McNeill
Penalty Shots
David van der Gulik, Nicolas Deslauriers, Tye McGinn, Alexandre Bolduc, Mark McNeill

% Time on Ice - Marlies

Lines # - Real PCT - Wanted PCT - Time Play
Normal Forward
1 - 30% - 35% - 13:52
2 - 33% - 30% - 14:50
3 - 25% - 22% - 11:30
4 - 12% - 13% - 5:19
Normal Defense
1 - 36% - 35% - 16:18
2 - 29% - 30% - 13:04
3 - 18% - 22% - 8:25
4 - 17% - 13% - 7:44
PP Forward
1 - 52% - 60% - 4:51
2 - 48% - 40% - 4:32
PP Defense
1 - 69% - 60% - 6:27
2 - 31% - 40% - 2:56
PK Forward
1 - 83% - 60% - 4:15
2 - 17% - 40% - 0:51
PK Defense
1 - 41% - 60% - 2:04
2 - 59% - 40% - 3:02
PK3 Forward
1 - 0% - 60%
2 - 0% - 40%
PK3 Defense
1 - 0% - 60%
2 - 0% - 40%
44 Forward
1 - 0% - 60%
2 - 0% - 40%
44 Defense
1 - 0% - 60%
2 - 0% - 40%
Last Minute Offensive  - 0:00
Last Minute Defensive  - 0:00
Total
Forward - 60:00
Defense - 60:00

% Time on Ice - Sharks

Lines # - Real PCT - Wanted PCT - Time Play
Normal Forward
1 - 29% - 35% - 13:18
2 - 30% - 30% - 13:34
3 - 25% - 22% - 11:31
4 - 16% - 13% - 7:08
Normal Defense
1 - 39% - 35% - 17:55
2 - 23% - 30% - 10:36
3 - 17% - 22% - 7:38
4 - 21% - 13% - 9:22
PP Forward
1 - 60% - 60% - 3:03
2 - 40% - 40% - 2:03
PP Defense
1 - 52% - 60% - 2:40
2 - 48% - 40% - 2:26
PK Forward
1 - 65% - 60% - 6:08
2 - 35% - 40% - 3:15
PK Defense
1 - 55% - 60% - 5:10
2 - 45% - 40% - 4:13
PK3 Forward
1 - 0% - 60%
2 - 0% - 40%
PK3 Defense
1 - 0% - 60%
2 - 0% - 40%
44 Forward
1 - 0% - 60%
2 - 0% - 40%
44 Defense
1 - 0% - 60%
2 - 0% - 40%
Last Minute Offensive  - 0:00
Last Minute Defensive  - 0:00
Total
Forward - 60:00
Defense - 60:00

Play by Play

1st period


0:01 of 1st period - Shane Prince wins face-off versus Alexandre Bolduc in neutral zone.
0:29 of 1st period - Minor Penalty to Mark Barberio for High sticking.
0:30 of 1st period - Nicolas Deschamps wins face-off versus Louis Leblanc in Sharks zone.
0:46 of 1st period - Snap shot by Scott Harrington.
0:46 of 1st period - Stopped by Dov Grumet-Morris with a rebound.
0:48 of 1st period - Slapshot by Scott Harrington.
0:48 of 1st period - Shot Blocked by Brendan Mikkelson.
0:50 of 1st period - Wrist shot by Jonathon Blum.
0:50 of 1st period - Shot Blocked by Brendan Mikkelson.
0:52 of 1st period - Snap shot by Andrew Yogan.
0:52 of 1st period - Deflect By Brendan Mikkelson.
0:52 of 1st period - Stopped by Dov Grumet-Morris with a rebound.
0:54 of 1st period - Snap shot by Andrew Yogan.
0:54 of 1st period - Stopped by Dov Grumet-Morris with a rebound.
1:08 of 1st period - Slapshot by Brendan Mikkelson.
1:08 of 1st period - Shot Blocked by Jonathon Blum.
1:22 of 1st period - Brendan Mikkelson is hit by Shane Prince and loses puck.
2:29 of 1st period - Penalty to Mark Barberio is over, Mark Barberio is back on ice.
3:17 of 1st period - Snap shot by Michael Latta.
3:17 of 1st period - Stopped by Anders Nilsson with a rebound.
3:56 of 1st period - Minor Penalty to Patrick McNeill for Hooking.
3:57 of 1st period - Louis Leblanc wins face-off versus Shane Prince in Sharks zone.
4:08 of 1st period - Nicolas Deslauriers is hit by Scott Harrington and loses puck.
4:13 of 1st period - Slapshot by Rich Clune.
4:13 of 1st period - Shot Misses the Net.
4:35 of 1st period - Slapshot by Jonathon Blum.
4:35 of 1st period - Deflect By Brendan Mikkelson.
4:35 of 1st period - Goal by Jonathon Blum - Marlies : 1 - Sharks : 0.
4:36 of 1st period - Michael Latta wins face-off versus Austen Brassard in neutral zone.
4:51 of 1st period - Snap shot by Nicolas Deslauriers.
4:51 of 1st period - Stopped by Anders Nilsson with a rebound.
4:57 of 1st period - Snap shot by Michael Latta.
4:57 of 1st period - Stopped by Anders Nilsson with a rebound.
5:33 of 1st period - Snap shot by Rich Clune.
5:33 of 1st period - Shot Misses the Net.
5:35 of 1st period - Wrist shot by Jonathon Blum.
5:35 of 1st period - Stopped by Dov Grumet-Morris with a rebound.
6:45 of 1st period - Snap shot by Mike Halmo.
6:45 of 1st period - Shot Blocked by Andrew Yogan.
6:47 of 1st period - Wrist shot by Nicolas Deslauriers.
6:47 of 1st period - Stopped by Anders Nilsson with a rebound.
6:49 of 1st period - Snap shot by Mike Halmo.
6:49 of 1st period - Shot Misses the Net.
6:51 of 1st period - Slapshot by Brendan Mikkelson.
6:51 of 1st period - Stopped by Anders Nilsson with a rebound.
7:30 of 1st period - Wade Brookbank is hit by Farm Player29.
7:42 of 1st period - Richard Panik is hit by Rich Clune.
8:13 of 1st period - Shane Prince is hit by J.C. Lipon and loses puck.
9:08 of 1st period - Jake Hansen is hit by Dominik Uher and loses puck.
9:35 of 1st period - Snap shot by Rich Clune.
9:35 of 1st period - Shot Blocked by Mark McNeill.
10:01 of 1st period - Slapshot by Jonathon Blum.
10:01 of 1st period - Stopped by Dov Grumet-Morris with a rebound.
10:03 of 1st period - Slapshot by Jonathon Blum.
10:03 of 1st period - Goal by Jonathon Blum - Marlies : 2 - Sharks : 0.
10:04 of 1st period - Nicolas Deschamps wins face-off versus Dominik Uher in neutral zone.
10:24 of 1st period - Minor Penalty to Nicolas Deslauriers for Roughing.
10:25 of 1st period - Louis Leblanc wins face-off versus Shane Prince in Sharks zone.
10:43 of 1st period - Slapshot by Jonathon Blum.
10:43 of 1st period - Shot Blocked by Brendan Mikkelson.
10:53 of 1st period - Nicolas Deschamps is hit by Brendan Mikkelson and loses puck.
12:02 of 1st period - Brendan Mikkelson is hit by Scott Harrington and loses puck.
12:24 of 1st period - Penalty to Nicolas Deslauriers is over, Nicolas Deslauriers is back on ice.
12:31 of 1st period - Wrist shot by Shane Prince.
12:31 of 1st period - Stopped by Dov Grumet-Morris with a rebound.
12:33 of 1st period - Snap shot by Shane Prince.
12:33 of 1st period - Shot Misses the Net.
12:58 of 1st period - Minor Penalty to Austen Brassard for Interference.
12:59 of 1st period - Alexandre Bolduc wins face-off versus Shane Prince in Marlies zone.
13:09 of 1st period - Backhand shot by Richard Panik.
13:09 of 1st period - Stopped by Anders Nilsson without a rebound.
13:10 of 1st period - Alexandre Bolduc wins face-off versus Shane Prince in Marlies zone.
13:23 of 1st period - Slapshot by Nicolas Deslauriers.
13:23 of 1st period - Shot Blocked by Shane Prince.
13:29 of 1st period - Snap shot by Richard Panik.
13:29 of 1st period - Shot Blocked by Shane Prince.
13:31 of 1st period - Slapshot by Michael Latta.
13:31 of 1st period - Shot Misses the Net.
13:33 of 1st period - Slapshot by Alexandre Bolduc.
13:33 of 1st period - Shot Misses the Net.
13:35 of 1st period - Snap shot by Joey Mormina.
13:35 of 1st period - Shot Misses the Net.
13:37 of 1st period - Wrist shot by Joey Mormina.
13:37 of 1st period - Stopped by Anders Nilsson with a rebound.
13:39 of 1st period - Wrist shot by Michael Latta.
13:39 of 1st period - Stopped by Anders Nilsson with a rebound.
13:43 of 1st period - Snap shot by Richard Panik.
13:43 of 1st period - Shot Misses the Net.
14:01 of 1st period - Snap shot by J.C. Lipon.
14:01 of 1st period - Shot Misses the Net.
14:58 of 1st period - Penalty to Austen Brassard is over, Austen Brassard is back on ice.
15:14 of 1st period - Snap shot by Dominik Uher.
15:14 of 1st period - Shot Blocked by Austen Brassard.
15:31 of 1st period - Slapshot by Nicolas Deslauriers.
15:31 of 1st period - Deflect By Mike Halmo.
15:31 of 1st period - Goal by Mike Halmo - Marlies : 2 - Sharks : 1.
15:32 of 1st period - Alexandre Bolduc wins face-off versus Nicolas Deschamps in neutral zone.
15:50 of 1st period - Slapshot by Jonathon Blum.
15:50 of 1st period - Stopped by Dov Grumet-Morris with a rebound.
15:52 of 1st period - Backhand shot by Scott Harrington.
15:52 of 1st period - Shot Blocked by Richard Panik.
15:54 of 1st period - Wrist shot by Jonathon Blum.
15:54 of 1st period - Shot Blocked by Joey Mormina.
15:56 of 1st period - Wrist shot by Jonathon Blum.
15:56 of 1st period - Shot Blocked by Wade Brookbank.
16:38 of 1st period - Dominik Uher is hit by Austen Brassard and loses puck.
17:47 of 1st period - Icing by Brendan Mikkelson.
17:48 of 1st period - Dominik Uher wins face-off versus Jason Clark in Sharks zone.
18:41 of 1st period - Jason Clark is hit by Louis Leblanc and loses puck.
Goals for this period are 2 for Marlies vs 1 for Sharks.
Shots for this period are 9 for Marlies vs 9 for Sharks.

2nd period


0:01 of 2nd period - Shane Prince wins face-off versus Alexandre Bolduc in neutral zone.
0:13 of 2nd period - Slapshot by Nicolas Deslauriers.
0:13 of 2nd period - Stopped by Anders Nilsson without a rebound.
0:14 of 2nd period - Alexandre Bolduc wins face-off versus Shane Prince in Marlies zone.
1:03 of 2nd period - Nicolas Deslauriers and Scott Harrington fight to a draw.
1:03 of 2nd period - Penalty to Nicolas Deslauriers for Fighting.
1:03 of 2nd period - Penalty to Scott Harrington for Fighting.
1:04 of 2nd period - Mark McNeill wins face-off versus Nicolas Deschamps in neutral zone.
1:07 of 2nd period - Snap shot by Mark Barberio.
1:07 of 2nd period - Stopped by Anders Nilsson with a rebound.
1:09 of 2nd period - Snap shot by Mark Barberio.
1:09 of 2nd period - Shot Blocked by Drew Schiestel.
1:11 of 2nd period - Wrist shot by Mark Barberio.
1:11 of 2nd period - Shot Misses the Net.
1:13 of 2nd period - Backhand shot by Brendan Mikkelson.
1:13 of 2nd period - Shot Misses the Net.
1:21 of 2nd period - Wrist shot by Mark McNeill.
1:21 of 2nd period - Shot Misses the Net.
1:26 of 2nd period - Brendan Mikkelson and Andrew Yogan fight to a draw.
1:26 of 2nd period - Penalty to Brendan Mikkelson for Fighting.
1:26 of 2nd period - Penalty to Andrew Yogan for Fighting.
1:27 of 2nd period - Rich Clune wins face-off versus Alexandre Bolduc in Marlies zone.
1:27 of 2nd period - Rich Clune is hit by Alexandre Bolduc.
1:56 of 2nd period - Minor Penalty to Patrick McNeill for Roughing.
1:57 of 2nd period - Austen Brassard wins face-off versus Tye McGinn in Sharks zone.
3:01 of 2nd period - Wrist shot by Tye McGinn.
3:01 of 2nd period - Stopped by Anders Nilsson with a rebound.
3:11 of 2nd period - Joey Mormina is hit by Rich Clune and loses puck.
3:56 of 2nd period - Penalty to Patrick McNeill is over, Patrick McNeill is back on ice.
4:25 of 2nd period - Minor Penalty to Patrick McNeill for Hooking.
4:26 of 2nd period - Nicolas Deschamps wins face-off versus Alexandre Bolduc in Sharks zone.
4:26 of 2nd period - Wrist shot by Jake Hansen.
4:26 of 2nd period - Stopped by Dov Grumet-Morris with a rebound.
4:32 of 2nd period - Wrist shot by Nicolas Deschamps.
4:32 of 2nd period - Deflect By Jake Hansen.
4:32 of 2nd period - Shot Misses the Net.
4:32 of 2nd period - Puck is out of play.
4:33 of 2nd period - Alexandre Bolduc wins face-off versus Nicolas Deschamps in Sharks zone.
5:13 of 2nd period - Icing by Rich Clune.
5:14 of 2nd period - Shane Prince wins face-off versus Louis Leblanc in Marlies zone.
5:19 of 2nd period - Tye McGinn is hit by Drew Schiestel and loses puck.
6:03 of 2nd period - Penalty to Nicolas Deslauriers is over, Nicolas Deslauriers is back on ice.
8:09 of 2nd period - Wrist shot by J.C. Lipon.
8:09 of 2nd period - Shot Misses the Net.
8:23 of 2nd period - Austen Brassard is hit by David van der Gulik and loses puck.
8:54 of 2nd period - Slapshot by Nicolas Deschamps.
8:54 of 2nd period - Shot Blocked by Brendan Mikkelson.
8:56 of 2nd period - Slapshot by Jake Hansen.
8:56 of 2nd period - Stopped by Dov Grumet-Morris without a rebound.
8:57 of 2nd period - Dominik Uher wins face-off versus Nicolas Deschamps in Sharks zone.
9:19 of 2nd period - Minor Penalty to Farm Player29 for High sticking.
9:20 of 2nd period - Shane Prince wins face-off versus Alexandre Bolduc in Marlies zone.
9:42 of 2nd period - Jonathon Blum is hit by Alexandre Bolduc and loses puck.
10:01 of 2nd period - Wrist shot by J.C. Lipon.
10:01 of 2nd period - Shot Misses the Net.
11:09 of 2nd period - Morgan Ellis is hit by Michael Latta and loses puck.
11:14 of 2nd period - Backhand shot by Richard Panik.
11:14 of 2nd period - Deflect By Michael Latta.
11:14 of 2nd period - Shot Misses the Net.
11:14 of 2nd period - Puck is out of play.
11:15 of 2nd period - Alexandre Bolduc wins face-off versus Farm Player24 in Marlies zone.
11:19 of 2nd period - Penalty to Farm Player29 is over, Farm Player29 is back on ice.
12:46 of 2nd period - Slapshot by Mark Barberio.
12:46 of 2nd period - Stopped by Anders Nilsson without a rebound.
12:47 of 2nd period - Alexandre Bolduc wins face-off versus Joel Armia in Marlies zone.
12:53 of 2nd period - Minor Penalty to Rich Clune for Diving.
12:54 of 2nd period - Alexandre Bolduc wins face-off versus Shane Prince in Marlies zone.
13:06 of 2nd period - Snap shot by Nicolas Deslauriers.
13:06 of 2nd period - Deflect By Richard Panik.
13:06 of 2nd period - Stopped by Anders Nilsson with a rebound.
13:08 of 2nd period - Slapshot by Patrick McNeill.
13:08 of 2nd period - Stopped by Anders Nilsson without a rebound.
13:09 of 2nd period - Shane Prince wins face-off versus Alexandre Bolduc in Marlies zone.
13:31 of 2nd period - Shane Prince is hit by Nicolas Deslauriers.
13:55 of 2nd period - Slapshot by Morgan Ellis.
13:55 of 2nd period - Shot Misses the Net.
14:01 of 2nd period - Backhand shot by Brendan Mikkelson.
14:01 of 2nd period - Goal by Brendan Mikkelson - Marlies : 2 - Sharks : 2.
14:02 of 2nd period - Nicolas Deschamps wins face-off versus Michael Latta in neutral zone.
14:21 of 2nd period - Wrist shot by Nicolas Deslauriers.
14:21 of 2nd period - Shot Blocked by Harrison Ruopp.
14:51 of 2nd period - Mark Barberio is hit by Brendon Nash and loses puck.
14:58 of 2nd period - Slapshot by Mark McNeill.
14:58 of 2nd period - Shot Misses the Net.
15:10 of 2nd period - Alexandre Bolduc is hit by Rich Clune and loses puck.
16:10 of 2nd period - Scott Harrington is hit by Michael Latta and loses puck.
16:15 of 2nd period - Wrist shot by Nicolas Deslauriers.
16:15 of 2nd period - Shot Hit the Post.
16:26 of 2nd period - Icing by Jake Hansen.
16:27 of 2nd period - Mark McNeill wins face-off versus Nicolas Deschamps in Marlies zone.
16:44 of 2nd period - Wrist shot by J.C. Lipon.
16:44 of 2nd period - Stopped by Anders Nilsson with a rebound.
17:35 of 2nd period - Snap shot by Richard Panik.
17:35 of 2nd period - Shot Blocked by Jason Clark.
17:46 of 2nd period - Nicolas Deslauriers and Jordan Henry fight to a draw.
17:46 of 2nd period - Penalty to Nicolas Deslauriers for Fighting.
17:46 of 2nd period - Penalty to Jordan Henry for Fighting.
17:47 of 2nd period - Mark McNeill wins face-off versus Shane Prince in Marlies zone.
18:34 of 2nd period - Snap shot by Jake Hansen.
18:34 of 2nd period - Stopped by Dov Grumet-Morris with a rebound.
18:40 of 2nd period - Wrist shot by Nicolas Deschamps.
18:40 of 2nd period - Deflect By Andrew Yogan.
18:40 of 2nd period - Stopped by Dov Grumet-Morris with a rebound.
19:30 of 2nd period - Rich Clune beats up Michael Latta.
19:30 of 2nd period - Penalty to Michael Latta for Fighting.
19:30 of 2nd period - Penalty to Rich Clune for Fighting.
19:30 of 2nd period - Penalty to Michael Latta for instigated a fight.
19:30 of 2nd period - Penalty to Michael Latta for instigated a fight.
19:31 of 2nd period - Shane Prince wins face-off versus Louis Leblanc in Sharks zone.
19:40 of 2nd period - Wrist shot by Shane Prince.
19:40 of 2nd period - Deflect By Joel Armia.
19:40 of 2nd period - Shot Blocked by Mark Barberio.
19:40 of 2nd period - Puck is out of play.
19:41 of 2nd period - Louis Leblanc wins face-off versus Shane Prince in Sharks zone.
Goals for this period are 0 for Marlies vs 1 for Sharks.
Shots for this period are 4 for Marlies vs 8 for Sharks.

3rd period


0:01 of 3rd period - Louis Leblanc wins face-off versus Shane Prince in neutral zone.
0:18 of 3rd period - Snap shot by Jonathon Blum.
0:18 of 3rd period - Goal by Jonathon Blum - Marlies : 3 - Sharks : 2.
0:19 of 3rd period - Alexandre Bolduc wins face-off versus Austen Brassard in neutral zone.
0:29 of 3rd period - Off-side.
0:30 of 3rd period - Alexandre Bolduc wins face-off versus Shane Prince in neutral zone.
0:35 of 3rd period - Snap shot by Jonathon Blum.
0:35 of 3rd period - Shot Misses the Net.
0:37 of 3rd period - Slapshot by Scott Harrington.
0:37 of 3rd period - Stopped by Dov Grumet-Morris with a rebound.
0:39 of 3rd period - Slapshot by Scott Harrington.
0:39 of 3rd period - Shot Blocked by Alexandre Bolduc.
0:51 of 3rd period - Wrist shot by Joel Armia.
0:51 of 3rd period - Stopped by Dov Grumet-Morris with a rebound.
0:53 of 3rd period - Snap shot by Joel Armia.
0:53 of 3rd period - Shot Misses the Net.
0:55 of 3rd period - Wrist shot by Joel Armia.
0:55 of 3rd period - Stopped by Dov Grumet-Morris with a rebound.
0:57 of 3rd period - Slapshot by Jonathon Blum.
0:57 of 3rd period - Deflect By Alexandre Bolduc.
0:57 of 3rd period - Goal by Jonathon Blum - Marlies : 4 - Sharks : 2.
0:57 of 3rd period - Farm Player76 enters game.
0:58 of 3rd period - Mark McNeill wins face-off versus Nicolas Deschamps in neutral zone.
1:07 of 3rd period - Snap shot by Mark McNeill.
1:07 of 3rd period - Stopped by Anders Nilsson without a rebound.
1:08 of 3rd period - Nicolas Deschamps wins face-off versus Mark McNeill in Marlies zone.
2:24 of 3rd period - Wrist shot by Richard Panik.
2:24 of 3rd period - Stopped by Anders Nilsson with a rebound.
2:57 of 3rd period - Shane Prince is hit by Dominik Uher and loses puck.
3:45 of 3rd period - Icing by Shane Prince.
3:46 of 3rd period - Mark McNeill wins face-off versus Farm Player44 in Marlies zone.
3:49 of 3rd period - Slapshot by J.C. Lipon.
3:49 of 3rd period - Shot Misses the Net.
3:51 of 3rd period - Snap shot by Mark McNeill.
3:51 of 3rd period - Shot Misses the Net.
4:10 of 3rd period - Icing by Nicolas Deslauriers.
4:11 of 3rd period - Nicolas Deschamps wins face-off versus Dominik Uher in Sharks zone.
4:14 of 3rd period - Wrist shot by Nicolas Deschamps.
4:14 of 3rd period - Shot Misses the Net.
4:52 of 3rd period - Jonathon Blum is hit by J.C. Lipon and loses puck.
5:01 of 3rd period - Snap shot by J.C. Lipon.
5:01 of 3rd period - Shot Misses the Net.
5:45 of 3rd period - Icing by Mark Barberio.
5:46 of 3rd period - Austen Brassard wins face-off versus Alexandre Bolduc in Sharks zone.
7:01 of 3rd period - Rich Clune is hit by Patrick McNeill.
7:05 of 3rd period - Dominik Uher is hit by Rich Clune and loses puck.
7:30 of 3rd period - Drew Schiestel is hit by Alexandre Bolduc and loses puck.
8:57 of 3rd period - Wrist shot by Jonathon Blum.
8:57 of 3rd period - Shot Misses the Net.
9:10 of 3rd period - Brendon Nash is hit by Louis Leblanc and loses puck.
9:17 of 3rd period - Jonathon Blum is hit by Nicolas Deslauriers and loses puck.
9:38 of 3rd period - Wrist shot by Rich Clune.
9:38 of 3rd period - Goal by Rich Clune - Marlies : 5 - Sharks : 2.
9:39 of 3rd period - Dominik Uher wins face-off versus Shane Prince in neutral zone.
10:44 of 3rd period - Snap shot by Richard Panik.
10:44 of 3rd period - Shot Misses the Net.
11:24 of 3rd period - Slapshot by Jonathon Blum.
11:24 of 3rd period - Deflect By Shane Prince.
11:24 of 3rd period - Shot Blocked by Mark Barberio.
11:24 of 3rd period - Puck is out of play.
11:25 of 3rd period - Shane Prince wins face-off versus Mark McNeill in Sharks zone.
11:58 of 3rd period - Slapshot by Alexandre Bolduc.
11:58 of 3rd period - Shot Misses the Net.
12:00 of 3rd period - Snap shot by Joey Mormina.
12:00 of 3rd period - Shot Blocked by Andrew Yogan.
13:14 of 3rd period - Nicolas Deslauriers is hit by Scott Harrington and loses puck.
14:09 of 3rd period - J.C. Lipon is hit by Shane Prince and loses puck.
14:30 of 3rd period - 10 Minutes Misconduct Penalty to Michael Latta is over.
14:54 of 3rd period - Morgan Ellis is hit by Wade Brookbank and loses puck.
15:19 of 3rd period - Slapshot by Nicolas Deslauriers.
15:19 of 3rd period - Deflect By Dominik Uher.
15:19 of 3rd period - Stopped by Anders Nilsson without a rebound.
15:20 of 3rd period - Dominik Uher wins face-off versus Joel Armia in Marlies zone.
15:26 of 3rd period - Icing by Scott Harrington.
15:27 of 3rd period - Mark McNeill wins face-off versus Shane Prince in Marlies zone.
16:08 of 3rd period - Slapshot by Nicolas Deschamps.
16:08 of 3rd period - Goal by Nicolas Deschamps - Marlies : 6 - Sharks : 2.
16:09 of 3rd period - Nicolas Deschamps wins face-off versus Dominik Uher in neutral zone.
16:14 of 3rd period - Snap shot by Nicolas Deschamps.
16:14 of 3rd period - Shot Blocked by Mark Barberio.
16:16 of 3rd period - Snap shot by Nicolas Deschamps.
16:16 of 3rd period - Goal by Nicolas Deschamps - Marlies : 7 - Sharks : 2.
16:17 of 3rd period - Nicolas Deschamps wins face-off versus Alexandre Bolduc in neutral zone.
16:28 of 3rd period - Snap shot by Nicolas Deschamps.
16:28 of 3rd period - Shot Misses the Net.
16:30 of 3rd period - Slapshot by Scott Harrington.
16:30 of 3rd period - Shot Blocked by Mark Barberio.
16:32 of 3rd period - Wrist shot by Scott Harrington.
16:32 of 3rd period - Stopped by Farm Player76 without a rebound.
16:33 of 3rd period - Louis Leblanc wins face-off versus Nicolas Deschamps in Sharks zone.
16:33 of 3rd period - Louis Leblanc is hit by Andrew Yogan.
16:50 of 3rd period - Snap shot by Richard Panik.
16:50 of 3rd period - Stopped by Anders Nilsson with a rebound.
18:42 of 3rd period - Off-side.
18:43 of 3rd period - Nicolas Deschamps wins face-off versus Alexandre Bolduc in neutral zone.
19:02 of 3rd period - Wrist shot by Jake Hansen.
19:02 of 3rd period - Shot Blocked by Mark Barberio.
19:14 of 3rd period - Austen Brassard is hit by Brendan Mikkelson and loses puck.
19:32 of 3rd period - Snap shot by Mark McNeill.
19:32 of 3rd period - Stopped by Anders Nilsson with a rebound.
19:34 of 3rd period - Slapshot by Joey Mormina.
19:34 of 3rd period - Stopped by Anders Nilsson without a rebound.
19:35 of 3rd period - Farm Player44 wins face-off versus Dominik Uher in Marlies zone.
19:35 of 3rd period - Nicolas Deslauriers and Rich Clune fight to a draw.
19:35 of 3rd period - Penalty to Nicolas Deslauriers for Fighting.
19:35 of 3rd period - Nicolas Deslauriers is ejected from game.
19:35 of 3rd period - Penalty to Rich Clune for Fighting.
19:36 of 3rd period - Shane Prince wins face-off versus Michael Latta in Marlies zone.
19:48 of 3rd period - Wrist shot by David van der Gulik.
19:48 of 3rd period - Stopped by Anders Nilsson without a rebound.
19:49 of 3rd period - Michael Latta wins face-off versus Shane Prince in Marlies zone.
19:58 of 3rd period - Wrist shot by Michael Latta.
19:58 of 3rd period - Shot Misses the Net.
Goals for this period are 5 for Marlies vs 0 for Sharks.
Shots for this period are 9 for Marlies vs 7 for Sharks.


Output by the SimonT Hockey Simulator (STHS) for Eric Dolegowski -- Original Page W3C XHTML 1.0 Valid
Hockey Simulator - Hockey Simulation - Hockey Manager